 Dungeon Crawl Stone Soup version 0.22-a0-147-gfdd7f25 (webtiles) character file.

118 mhoghedin the Skirmisher (level 4, -1/40 HPs)
             Began as a Draconian Wizard on Feb 6, 2018.
             Succumbed to anet's ghost's poison
             ... on level 4 of the Dungeon.
             The game lasted 00:07:33 (3050 turns).

mhoghedin the Skirmisher (Draconian Wizard)         Turns: 3050, Time: 00:07:34

Health: -1/40      AC:  6    Str:  9    XL:     4   Next: 72%
Magic:  15/18      EV: 12    Int: 20    God:
Gold:   138        SH:  0    Dex:  9    Spells: 2/10 levels left

rFire    . . .     SeeInvis .   g - +1 dagger
rCold    . . .     Gourm    .   (no shield)
rNeg     . . .     Faith    .   (armour unavailable)
rPois    .         Spirit   .   a - +0 hat
rElec    .         Reflect  .   (no cloak)
rCorr    .         Harm     .   l - +0 pair of gloves
MR       .....                  (no boots)
Stlth    ++........             (no amulet)
HPRegen  0.13/turn              m - ring of magical power {MP+9}
MPRegen  0.16/turn              (no ring)

@: lethally poisoned (-1 -> -26), slowed, very slow
A: unfitting armour, cold-blooded, AC +5
a: no special abilities


You were on level 4 of the Dungeon.
You were very hungry.

You visited 1 branch of the dungeon, and saw 4 of its levels.

You collected 138 gold pieces.

Inventory:

Hand Weapons
 g - a +1 dagger (weapon)
   (You took it off a kobold on level 1 of the Dungeon)
Armour
 a - a +0 hat (worn)
 l - a +0 pair of gloves (worn)
   (You found it on level 1 of the Dungeon)
Jewellery
 m - a ring of magical power (left hand) {MP+9}
   (You found it on level 2 of the Dungeon)
Scrolls
 d - 2 scrolls of identify
 e - 2 scrolls of enchant weapon
Potions
 i - a potion of cancellation {unknown}
 j - 2 potions of agility {unknown}
 q - a potion of lignification {unknown}
 r - a potion of curing {unknown}
 s - a potion of might
 t - a potion of brilliance {unknown}
Books
 b - a book of Minor Magic
Comestibles
 c - 8 rations


   Skills:
 - Level 4.1 Fighting
 - Level 1.7 Dodging
 - Level 1.7 Stealth
 + Level 3.7 Spellcasting
 - Level 1.0 Conjurations
 - Level 1.0 Summonings
 - Level 1.0 Translocations


You had 2 spell levels left.
You knew the following spells:

 Your Spells              Type           Power        Failure   Level  Hunger
a - Magic Dart            Conj           #...         9%          1    None
b - Blink                 Tloc           N/A          13%         2    ##.....
c - Call Imp              Summ           #.......     13%         2    ##.....
x - Mephitic Cloud        Conj/Pois/Air  #.......     34%         3    ###....


Dungeon Overview and Level Annotations

Branches:
Dungeon (4/15)
 Temple: D:4-7

Altars:

Annotations:
D:3 Grinder
D:4 anet's ghost, novice DEWz


Innate Abilities, Weirdness & Mutations

Your plain brown scales are hard. (AC +5)
You cannot fit into any form of body armour.
You are cold-blooded and may be slowed by cold attacks.


Message History

You now have 16/18 mp.
A beastly little devil appears in a puff of flame.
Anet's ghost points at you and mumbles some strange words.
You feel yourself slow down.
You now have 14/18 mp.
Unknown command.
A beastly little devil appears in a puff of flame.
Anet's ghost barely misses your crimson imp.
You now have 12/18 mp.
Unknown command.
A beastly little devil appears in a puff of flame.
Your crimson imp barely misses anet's ghost.
Your crimson imp hits anet's ghost but does no damage.
Anet's ghost closely misses your crimson imp.
The scorpion closely misses your crimson imp.
Your crimson imp barely misses anet's ghost.
A scorpion comes into view.
You now have 10/18 mp.
Unknown command.
What are your orders? t - Shout!
Orders for allies: a - Attack new target. r - Retreat! s - Stop attacking. g - Guard the area. f - Follow me.
Anything else - Cancel.
Gang up on whom?
Aim: anet's ghost, wielding a weapon of venom Attack!
Your crimson imp barely misses anet's ghost.
Anet's ghost points at you and mumbles some strange words.
Your crimson imp seems to slow down.
The scorpion barely misses your crimson imp.
Your crimson imp hits anet's ghost but does no damage.
Anet's ghost hits your crimson imp.
Your crimson imp is poisoned.
Your crimson imp barely misses anet's ghost.
Your crimson imp blinks! x2
Anet's ghost hits your crimson imp!
Your crimson imp dies!
As you read the scroll labeled ZONEERGHEINA, it crumbles to dust.
The scroll dissolves into smoke.
It was a scroll of fog.
Anet's ghost casts a spell.
Anet's ghost blinks!
Unknown command.
The scorpion stings you but does no damage.
As you read the scroll labeled XAXZUUPTIA, it crumbles to dust.
It is a scroll of enchant weapon.
Your +0 dagger glows red for a moment.
The scorpion stings you.
You take 2 damage, and have 38/40 hp.
The scorpion stings you.
You take 4 damage, and have 34/40 hp.
As you read the scroll labeled GEEJIPT YCIPH, it crumbles to dust.
You assume a fearsome visage.
The scorpion looks frightened!
It was a scroll of fear.
Your crimson imp barely misses anet's ghost.
Anet's ghost mumbles some strange words.
Anet's ghost blinks!
Anet's ghost hits you but does no damage.
You are poisoned.
Unknown command.
As you read the scroll labeled GUT KUAMNI, it crumbles to dust.
It is a scroll of amnesia.
Your memory of Slow unravels.
You feel sick.
Anet's ghost mumbles some strange words.
Anet's ghost blinks!
Your magical contamination has completely faded away.
You take 1 damage, and have 34/40 hp.
You feel sick.
You take 1 damage, and have 33/40 hp.
You swap places.
Anet's ghost says, "I practised a lot since I died."
Your crimson imp closely misses anet's ghost.
Anet's ghost hits you!
You take 7 damage, and have 26/40 hp.
As you read the scroll labeled PIQOAL VOONG, it crumbles to dust.
It is a scroll of identify.
s - a potion of might You feel sick.
Your crimson imp hits anet's ghost.
Anet's ghost gestures at you while chanting.
The magic dart hits you!
You take 5 damage, and have 21/40 hp.
As you read the scroll labeled OTEDAL ZYMUGA, it crumbles to dust.
The creatures around you are filled with an inner flame!
It was a scroll of immolation.
Your crimson imp disappears in a puff of smoke!
Anet's ghost misses you. Anet's ghost hits you!
* * * LOW HITPOINT WARNING * * *
You are more poisoned.
You take 10 damage, and have 11/40 hp.
MASSIVE DAMAGE!!
As you read the scroll labeled LAIXKAW OBBU, it crumbles to dust.
You feel blessed for a moment.
It was a scroll of remove curse.
You feel sick. Anet's ghost hits you!
* * * LOW HITPOINT WARNING * * *
You are more poisoned.
You take 9 damage, and have 2/40 hp.
MASSIVE DAMAGE!!
As you read the scroll labeled ISHRYRCHYXAO, it crumbles to dust.
The dust glows dull ochre!
It was a scroll of random uselessness.
You die...

#.....##
#............#
###..##
#...........#
##..## #..........#
##..#####.........#
##............####
##..########...##
#....# ###..####.
#..W§# ##...#..
#.#.@## ###.......
#..##..# #.........
#.. #..##
#......... #.#
#...# #......... ..
##..## ##........
#...# #........
#...# #........
##§.## #........
#§§.# ##.......


You could see anet's ghost (inner flame).

Vanquished Creatures
  An adder (D:2)
  An ooze (D:3)
  A dart slug (D:1)
  2 leopard geckos
  5 orcs
  5 bats
  4 giant cockroaches
  5 goblins
  4 hobgoblins
  4 jackals (D:2)
  A quokka (D:4)
  A ball python (D:2)
  4 frilled lizards
  3 kobolds (D:1)
  6 rats
47 creatures vanquished.

Vanquished Creatures (collateral kills)
  Natasha (D:4)
  An orc wizard (D:2)
  2 adders (D:2)
  2 jackals (D:4)
  A bat (D:2)
  A quokka skeleton (D:4)
8 creatures vanquished.

Grand Total: 55 creatures vanquished

Notes
Turn   | Place    | Note
-------+----------+-------------------------------------------
     0 | D:1      | mhoghedin the Draconian Wizard began the quest for the Orb.
     0 | D:1      | Reached XP level 1. HP: 14/14 MP: 4/4
   415 | D:1      | Reached skill level 1 in Fighting
   704 | D:1      | Reached skill level 2 in Fighting
   704 | D:1      | Reached XP level 2. HP: 17/24 MP: 3/6
  1069 | D:1      | Learned a level 2 spell: Blink
  1072 | D:1      | Learned a level 2 spell: Call Imp
  1075 | D:1      | Learned a level 2 spell: Slow
  1310 | D:2      | Reached skill level 3 in Fighting
  1310 | D:2      | Reached XP level 3. HP: 25/31 MP: 1/7
  2157 | D:3      | Reached skill level 4 in Fighting
  2181 | D:3      | Reached XP level 4. HP: 34/40 MP: 8/8
  2213 | D:3      | Noticed Grinder
  2215 | D:3      | Paralysed by Grinder for 6 turns
  2696 | D:3      | Paralysed by Grinder for 6 turns
  2850 | D:4      | Noticed anet's ghost (novice DEWz)
  2901 | D:4      | Noticed Natasha
  2909 | D:4      | Killed Natasha
  2938 | D:4      | Learned a level 3 spell: Mephitic Cloud
  3049 | D:4      | HP: 2/40 [anet's ghost (9)]
  3050 | D:4      | Succumbed to anet's ghost's poison

Vault maps used:
D:1:      dpeg_arrival_rooms_b
D:3:      uniq_sigmund, uniq_grinder
D:4:      chequers_temple_overflow_statue_of_worship, serial_shops, shop,
          minmay_misc_feat_secret_circle, kennysheep_dice,
          uniq_crazy_yiuf_cottage, uniq_natasha

Skill      XL: |  1  2  3 |
---------------+----------+-----
Fighting       | 2 3 4 |  4.1
Dodging        | |  1.7
Stealth        | |  1.7
Spellcasting   | |  3.7
Conjurations   | |  1.0
Summonings     | |  1.0
Translocations | |  1.0

Action                   |  1- 3 |  4- 6 || total
-------------------------+-------+-------++-------
Melee: Dagger            |   233 |    85 ||   318
       Tailslap          |    15 |     5 ||    20
 Cast: Magic Dart        |    19 |     3 ||    22
       Slow              |     2 |       ||     2
       Call Imp          |     4 |    14 ||    18
  Use: Scroll            |       |     8 ||     8
 Stab: Sleeping          |     4 |     1 ||     5
  Eat: Chunk             |     5 |     2 ||     7
Armor: Skin              |   111 |    30 ||   141
Dodge: Dodged            |   200 |    72 ||   272

Table legend:
 A = Spawn XP
 B = Non-spawn XP
 C = Spawn XP percentage of total XP
 D = Spawn monster count
 E = Non-spawn monster count
 F = Spawn count percentage of total count
 G = Total turns spent on level
                    A         B        C        D         E        F      G
               +---------+---------+-------+---------+---------+-------+---------
         Total |       0 |     169 |   0.0 |       0 |      55 |   0.0 |  3050
               +---------+---------+-------+---------+---------+-------+---------
           D:1 |       0 |      25 |   0.0 |       0 |      15 |   0.0 |  1227
           D:2 |       0 |      92 |   0.0 |       0 |      27 |   0.0 |  1232
           D:3 |       0 |      16 |   0.0 |       0 |       6 |   0.0 |   268
           D:4 |       0 |      36 |   0.0 |       0 |       7 |   0.0 |   323
               +---------+---------+-------+---------+---------+-------+---------

Vault maps used:
D:1:      dpeg_arrival_rooms_b
D:3:      uniq_sigmund, uniq_grinder
D:4:      chequers_temple_overflow_statue_of_worship, serial_shops, shop,
          minmay_misc_feat_secret_circle, kennysheep_dice,
          uniq_crazy_yiuf_cottage, uniq_natasha

Table legend:
 A = Turns spent in this place as a percentage of turns spent in the entire game.
 B = Non-inter-level travel turns spent in this place as a percentage of non-inter-level travel turns spent in the entire game.
 C = Inter-level travel turns spent in this place as a percentage of turns spent in this place.
 D = Turns resting spent in this place as a percentage of non-inter-level travel turns spent in this place.
 E = Turns spent auto-exploring this place as a percentage of non-inter-level travel turns spent in this place.
 F = Non-inter-level travel turns spent in this place divided by the number of levels of this place that you've seen.
                   A       B       C       D       E      F
               +-------+-------+-------+-------+-------+----------------------
         Total | 100.0 | 100.0 |   3.5 |  31.1 |  40.6 | 735.8
       Dungeon | 100.0 | 100.0 |   3.5 |  31.1 |  40.6 | 735.8
               +-------+-------+-------+-------+-------+----------------------

Table legend:
 A = Kills in this place as a percentage of kills in entire the game.
 B = Kills by you in this place as a percentage of kills by you in the entire game.
 C = Kills by friends in this place as a percentage of kills by friends in the entire game.
 D = Other kills in this place as a percentage of other kills in the entire game.
 E = Experience gained in this place as a percentage of experience gained in the entire game.
 F = Experience gained in this place divided by the number of levels of this place that you have seen.
                   A       B       C       D       E      F
               +-------+-------+-------+-------+-------+----------------------
         Total | 100.0 | 100.0 | 100.0 |   N/A | 100.0 |  42.2
       Dungeon | 100.0 | 100.0 | 100.0 |   N/A | 100.0 |  42.2
               +-------+-------+-------+-------+-------+----------------------
